 Dungeon Sprint DCSS version 0.26-a0-652-gafc20e3620 (webtiles) character file.

Game seed: 1893891042572999418

13843 Conn the Archer (level 12, -8/69 HPs)
             Began as a Vine Stalker Hunter on Oct 2, 2020.
             Was a High Priest of Okawaru.
             Mangled by the 27-headed Lernaean hydra (12 damage)
             ... in the Dungeon (Sprint I: "Red Sonja") on Oct 3, 2020.
             The game lasted 01:00:12 (2973 turns).

Conn the Archer (Vine Stalker Hunter)               Turns: 2973, Time: 01:00:12

Health: -8/69      AC: 14    Str: 16    XL:     12   Next: 10%
Magic:  0/22       EV: 20    Int: 12    God:    Okawaru [*****.]
Gold:   936        SH:  0    Dex: 18    Spells: 12/23 levels left

rFire    + . .     SeeInvis .   a - +0 longbow (vorpal)
rCold    . . .     Faith    .   (shield currently unavailable)
rNeg     . . .     Spirit   +   o - +2 robe {rF+}
rPois    +         Reflect  .   f - +2 hat
rElec    .         Harm     .   w - +2 cloak {rCorr}
rCorr    +         Rampage  +   u - +0 pair of gloves
MR       +....     NoTele   +   v - +2 pair of boots {rampage}
Stlth    ++++......             (no amulet)
HPRegen  1.01/turn              h - ring of poison resistance
MPRegen  0.18/turn              (no ring)

@: no status effects
A: fangs 3, regeneration 2, magic shield, antimagic bite, no potion heal 3, rot
immunity
a: Heroism, Finesse, Renounce Religion


You were in the Dungeon.
You worshipped Okawaru.
Okawaru was extremely pleased with you.
You visited 1 branch You collected 2724 gold pieces.
You spent 1788 gold pieces at shops.

Inventory:

Hand Weapons
 a - a +0 vorpal longbow (weapon)
 b - the +9 rapier of the Sky {vorpal, rElec rF+ rC+ Dex+5}
   (Okawaru gifted it to you in the Dungeon)

   It inflicts extra damage upon your enemies.
   It affects your dexterity (+5).
   It protects you from fire.
   It protects you from cold.
   It insulates you from electricity.
 c - a +0 longbow
 i - a +0 short sword
 j - the +7 rapier "Qamel" {pain, rN++}
   (Okawaru gifted it to you in the Dungeon)

   In the hands of one skilled in necromantic magic, it inflicts extra damage on
   living creatures.
   It greatly protects you from negative energy.
 p - a +1 shortbow
 q - a +1 dagger of distortion
Missiles
 d - 56 arrows (quivered)
Armour
 f - a +2 hat (worn)
 o - a +2 robe of fire resistance (worn)
 u - a +0 pair of gloves (worn)
 v - a +2 pair of boots of rampaging (worn)
 w - a +2 cloak of preservation (worn)
Jewellery
 h - a ring of poison resistance (left hand)
Wands
 n - a wand of acid (15)
 t - a wand of paralysis (5)
Scrolls
 l - a scroll of identify
Potions
 e - 3 potions of curing
 g - 2 potions of magic
Miscellaneous
 r - a lightning rod (4/4)


   Skills:
 + Level 10.9 Fighting
 + Level 11.1 Short Blades
 + Level 13.9 Bows
 + Level 4.1 Throwing
 + Level 6.3 Armour
 + Level 9.7 Dodging
 - Level 9.3 Stealth
 * Level 6.2 Spellcasting
 * Level 3.0 Conjurations
 * Level 3.2 Summonings
 + Level 5.1 Translocations
 * Level 2.9 Fire Magic
 * Level 2.2 Air Magic
 * Level 2.2 Poison Magic
 + Level 6.4 Invocations
 + Level 2.6 Evocations


You had 12 spell levels left.
You knew the following spells:

 Your Spells              Type           Power        Failure   Level
a - Magic Dart            Conj           ##..         4%          1
b - Blink                 Tloc           N/A          3%          2
c - Call Imp              Summ           ##......     7%          2
d - Conjure Flame         Conj/Fire      ##......     16%         3
e - Mephitic Cloud        Conj/Pois/Air  #.......     19%         3

Your spell library contained the following spells:

 Spells                   Type           Power        Failure   Level
 Slow                     Hex            #.......     26%         2


Dungeon Overview and Level Annotations

Branches:
Dungeon (1/1)

Altars:
Cheibriados
Dithmenos
Elyvilon
Fedhas
Gozag
Hepliaklqana
Kikubaaqudgha
Makhleb
Nemelex Xobeh
Okawaru
Qazlal
Ru
Sif Muna
Trog
Uskayaw
Vehumet
Wu Jian
Xom
Yredelemnul
Zin
The Shining One
Jiyva
Lugonu

Shops:
D }=?:[}*:[*[!([*[[

Annotations:
D Lernaean hydra


Innate Abilities, Weirdness & Mutations

You have razor-sharp teeth.
You heal very quickly.
When hurt, damage is shared between your health and your magic reserves.
Your bite disrupts and absorbs the magic of your enemies.
Potions cannot restore your health.
You are immune to rotting.


Message History

The 27-headed Lernaean hydra comes into view.
The 27-headed Lernaean hydra roars deafeningly!
The 27-headed Lernaean hydra moves out of view.
The 27-headed Lernaean hydra closely misses you. x2
The 27-headed Lernaean hydra bites you! x3
The 27-headed Lernaean hydra bites you but does no damage. x3
The 27-headed Lernaean hydra bites you!
The 27-headed Lernaean hydra closely misses you. x2
The 27-headed Lernaean hydra bites you.
The 27-headed Lernaean hydra bites you!!
* * * LOW HITPOINT WARNING * * *
The 27-headed Lernaean hydra misses you.
The 27-headed Lernaean hydra bites you.
* * * LOW HITPOINT WARNING * * *
The 27-headed Lernaean hydra bites you.
* * * LOW HITPOINT WARNING * * *
The 27-headed Lernaean hydra barely misses you.
The 27-headed Lernaean hydra misses you.
The 27-headed Lernaean hydra bites you!
You die...

##.#(≈..#
.###..# #.+..#
#^##'##
#.#≈≈≈## #
#≈≈≈≈##
#≈≈≈≈≈#######
##≈≈≈≈#D≈≈≈≈#.
#+≈≈≈@≈≈.≈≈'.
##≈≈#≈≈≈≈≈#≈
######'### ≈≈
≈≈≈ ≈≈ ≈


You could see the 27-headed Lernaean hydra.

Vanquished Creatures
  A deep elf annihilator (D)
  A mummy priest (D)
  A hydra (D)
  2 centaur warriors (D)
  Sonja (D)
  2 unseen horrors (D)
  A deep troll (D)
  A lindwurm (D)
  2 oklob plants (D)
  2 merfolk sirens (D)
  2 gargoyles (D)
  2 kobold demonologists (D)
  4 demonic crawlers (D)
  A hellwing (D)
  A slime creature (D)
  A hornet (D)
  Sigmund (D)
  2 redbacks (D)
  A yak (D)
  13 hogs (D)
  3 floating eyes (D)
  An ogre (D)
  7 necrophages (D)
  8 jellies (D)
  Ijyb (D)
62 creatures vanquished.

Vanquished Creatures (others)
  4 hornets (D)
  2 ballistomycete spores (D)
6 creatures vanquished.

Grand Total: 68 creatures vanquished

Notes
Turn   | Place    | Note
-------+----------+-------------------------------------------
     0 | D        | Conn the Vine Stalker Hunter began the quest for the Orb.
     0 | D        | Reached XP level 1. HP: 11/11 MP: 2/2
     1 | D        | Noticed Ijyb
    14 | D        | Killed Ijyb
    14 | D        | Reached skill level 5 in Bows
    14 | D        | Reached XP level 2. HP: 7/16 MP: 1/3
   179 | D        | Noticed an ogre
   199 | D        | Killed an ogre
   199 | D        | Reached skill level 8 in Bows
   199 | D        | Reached XP level 3. HP: 13/20 MP: 2/4
   199 | D        | Gained mutation: Your natural rate of healing is unusually
                  | fast. [Vine Stalker growth]
   199 | D        | Reached XP level 4. HP: 16/24 MP: 2/5
   243 | D        | Noticed Sigmund
   259 | D        | Killed Sigmund
   259 | D        | Reached skill level 10 in Bows
   259 | D        | Reached skill level 1 in Armour
   259 | D        | Reached XP level 5. HP: 18/30 MP: 3/6
   259 | D        | Reached XP level 6. HP: 21/34 MP: 3/7
   307 | D        | Found an ornate altar of the Wu Jian Council.
   307 | D        | Found a shimmering blue altar of Sif Muna.
   309 | D        | Found a radiant altar of Vehumet.
   440 | D        | Found Xuyheis's Jewellery Emporium.
   440 | D        | Found an ancient bone altar of Kikubaaqudgha.
   440 | D        | Found a hazy altar of Hepliaklqana.
   440 | D        | Found a stormy altar of Qazlal.
   440 | D        | Found a hide-covered altar of Uskayaw.
   440 | D        | Found a blossoming altar of Fedhas.
   440 | D        | Found a bloodstained altar of Trog.
   440 | D        | Found an iron altar of Okawaru.
   440 | D        | Found a basalt altar of Yredelemnul.
   440 | D        | Found a glowing golden altar of the Shining One.
   440 | D        | Found a snail-covered altar of Cheibriados.
   440 | D        | Found a sacrificial altar of Ru.
   440 | D        | Found a glowing silver altar of Zin.
   440 | D        | Found a shadowy altar of Dithmenos.
   440 | D        | Found a white marble altar of Elyvilon.
   440 | D        | Noticed a yak
   455 | D        | Killed a yak
   455 | D        | Reached skill level 5 in Fighting
   455 | D        | Reached skill level 1 in Short Blades
   455 | D        | Reached skill level 11 in Bows
   455 | D        | Reached XP level 7. HP: 2/39 MP: 1/8
   456 | D        | Found an opulent altar of Gozag.
   458 | D        | Found a sparkling altar of Nemelex Xobeh.
   467 | D        | Bought an uncursed ring of poison resistance for 280 gold
                  | pieces
   492 | D        | Killed a hornet
   521 | D        | Killed a hornet
   537 | D        | Found a burning altar of Makhleb.
   537 | D        | Found a viscous altar of Jiyva.
   537 | D        | Found a shimmering altar of Xom.
   537 | D        | Found a corrupted altar of Lugonu.
   537 | D        | Noticed a slime creature
   667 | D        | Killed a hornet
   744 | D        | Became a worshipper of Warmaster Okawaru
   825 | D        | Noticed a kobold demonologist
   835 | D        | Killed a kobold demonologist
   835 | D        | Reached skill level 12 in Bows
   849 | D        | Reached * piety under Okawaru
   855 | D        | Noticed a kobold demonologist
   884 | D        | Noticed a smoke demon
   887 | D        | Killed a kobold demonologist
   887 | D        | Gained mutation: You have razor-sharp teeth. [Vine Stalker
                  | growth]
   887 | D        | Reached XP level 8. HP: 24/45 MP: 3/9
   980 | D        | Killed a slime creature
  1023 | D        | Noticed Sonja
  1028 | D        | Killed Sonja
  1028 | D        | Reached ** piety under Okawaru
  1028 | D        | Reached skill level 5 in Short Blades
  1028 | D        | Reached skill level 13 in Bows
  1028 | D        | Reached skill level 5 in Armour
  1028 | D        | Reached skill level 5 in Dodging
  1028 | D        | Reached skill level 1 in Invocations
  1028 | D        | Reached XP level 9. HP: 50/50 MP: 7/11
  1089 | D        | Found Fimul's Gadget Boutique.
  1119 | D        | Noticed a deep troll
  1196 | D        | Killed a deep troll
  1196 | D        | Reached skill level 1 in Throwing
  1238 | D        | Found Oggapp's Armour Emporium.
  1280 | D        | Bought a wand of acid (14) for 504 gold pieces
  1301 | D        | Bought a +0 pair of boots for 63 gold pieces
  1325 | D        | Noticed a centaur warrior
  1328 | D        | Noticed a centaur warrior
  1335 | D        | Killed a centaur warrior
  1335 | D        | Reached *** piety under Okawaru
  1335 | D        | Reached skill level 5 in Stealth
  1344 | D        | Killed a centaur warrior
  1344 | D        | Reached **** piety under Okawaru
  1344 | D        | Received a gift from Okawaru
  1344 | D        | Reached skill level 1 in Evocations
  1344 | D        | Reached XP level 10. HP: 32/57 MP: 6/13
  1452 | D        | Noticed an oklob plant
  1455 | D        | Killed an oklob plant
  1508 | D        | Killed an unseen horror
  1508 | D        | Reached ***** piety under Okawaru
  1525 | D        | Killed an unseen horror
  1525 | D        | Received a gift from Okawaru
  1528 | D        | Got an iridescent rapier {god gift}
  1529 | D        | Identified the +7 rapier "Qamel" {pain, rN++} (Okawaru
                  | gifted it to you in the Dungeon)
  1642 | D        | Reached skill level 10 in Fighting
  1670 | D        | Found Kuoliosusa's Book Shoppe.
  1670 | D        | Found Maofionu's Magic Scroll Shop.
  1670 | D        | Found Kehiena's Armour Boutique.
  1672 | D        | Found Moaconac's Gadget Emporium.
  1672 | D        | Found Seupturgh's Assorted Antiques.
  1672 | D        | Found Poco's Book Shoppe.
  1672 | D        | Found Gentil's Armour Boutique.
  1672 | D        | Found Vawooptiag's Assorted Antiques.
  1672 | D        | Found Iczic's Antique Armour Shop.
  1672 | D        | Found Qoteuq's Distillery.
  1675 | D        | Bought a book of Minor Magic for 200 gold pieces
  1677 | D        | Learned a level 1 spell: Magic Dart
  1680 | D        | Learned a level 2 spell: Blink
  1683 | D        | Learned a level 2 spell: Call Imp
  1684 | D        | Bought a scroll of blinking for 75 gold pieces
  1685 | D        | Found Haun's Weapon Boutique.
  1686 | D        | Bought a wand of paralysis (6) for 80 gold pieces
  1686 | D        | Found Saedifu's Assorted Antiques.
  1686 | D        | Found Vahetu's Armour Boutique.
  1687 | D        | Found Xint's Antique Armour Emporium.
  1735 | D        | Bought a cursed +0 pair of gloves for 15 gold pieces
  1748 | D        | Bought a pair of embroidered boots for 187 gold pieces
  1763 | D        | Bought a glowing cloak for 217 gold pieces
  1819 | D        | Bought a runed robe for 92 gold pieces
  1884 | D        | Learned a level 3 spell: Conjure Flame
  1932 | D        | Bought a scroll of enchant armour for 75 gold pieces
  2013 | D        | Reached skill level 1 in Spellcasting
  2013 | D        | Reached skill level 1 in Translocations
  2013 | D        | Reached XP level 11. HP: 46/63 MP: 15/15
  2135 | D        | Noticed a lindwurm
  2137 | D        | Killed a lindwurm
  2355 | D        | Reached skill level 5 in Invocations
  2382 | D        | Reached skill level 10 in Short Blades
  2414 | D        | Noticed a daeva
  2433 | D        | Noticed a 12-headed hydra
  2434 | D        | Killed a 12-headed hydra
  2434 | D        | Received a gift from Okawaru
  2436 | D        | Reached skill level 5 in Spellcasting
  2448 | D        | Noticed a deep elf annihilator
  2451 | D        | Noticed a mummy priest
  2452 | D        | Reached skill level 5 in Translocations
  2492 | D        | Reached skill level 1 in Conjurations
  2492 | D        | Reached skill level 1 in Summonings
  2492 | D        | Reached skill level 1 in Fire Magic
  2779 | D        | Learned a level 3 spell: Mephitic Cloud
  2882 | D        | Killed a deep elf annihilator
  2882 | D        | Received a gift from Okawaru
  2882 | D        | Reached skill level 1 in Air Magic
  2882 | D        | Reached skill level 1 in Poison Magic
  2883 | D        | Got a jewelled rapier {god gift}
  2884 | D        | Identified the +9 rapier of the Sky {vorpal, rElec rF+ rC+
                  | Dex+5} (Okawaru gifted it to you in the Dungeon)
  2897 | D        | Killed a mummy priest
  2897 | D        | Gained mutation: You heal very quickly. [Vine Stalker
                  | growth]
  2897 | D        | Reached XP level 12. HP: 69/69 MP: 16/22
  2972 | D        | Noticed the 27-headed Lernaean hydra
  2973 | D        | Mangled by the 27-headed Lernaean hydra

Illustrated notes

Levels and vault maps discovered:
D:        dungeon_sprint_1 [red_sonja_temple_1, red_sonja_temple_small_1]

Skill      XL: |  1  2  3  4  5  6  7  8  9 10 11 12 |
---------------+-------------------------------------+-----
Fighting       | 2 3 4 5 6 7 8 10 | 10.9
Bows           | 5 8 10 11 12 13 | 13.9
Dodging        | 2 3 4 5 7 9 |  9.7
Armour         | 1 2 4 5 6 |  6.3
Short Blades   | 1 3 5 7 8 11 | 11.1
Stealth        | 2 3 4 5 8 9 |  9.3
Invocations    | 1 3 4 6 |  6.4
Throwing       | 2 4 |  4.1
Evocations     | 1 2 |  2.6
Spellcasting   | 1 6 |  6.2
Translocations | 1 5 |  5.1
Conjurations   | 2 3 |  3.0
Summonings     | 3 |  3.2
Fire Magic     | 2 |  2.9
Air Magic      | 1 2 |  2.2
Poison Magic   | 1 2 |  2.2

Action                   |  1- 3 |  4- 6 |  7- 9 | 10-12 || total
-------------------------+-------+-------+-------+-------++-------
Melee: Short sword       |       |     9 |    39 |       ||    48
       Bite              |       |     4 |    18 |   100 ||   122
       Punch             |       |       |     1 |     4 ||     5
       Dagger            |       |       |     7 |    28 ||    35
       Rapier            |       |       |       |   205 ||   205
 Fire: Shortbow          |    24 |    26 |    37 |       ||    87
       Longbow           |       |       |       |    14 ||    14
Throw: Dart              |       |       |     8 |     9 ||    17
 Cast: Mephitic Cloud    |       |       |       |     3 ||     3
       Call Imp          |       |       |       |     1 ||     1
Invok: Heroism           |       |       |     7 |     8 ||    15
       Finesse           |       |       |       |     5 ||     5
Evoke: Wand              |       |       |     4 |     3 ||     7
  Use: Potion            |     1 |     1 |       |       ||     2
       Scroll            |     1 |       |       |     4 ||     5
 Stab: Sleeping          |       |     1 |     2 |    11 ||    14
       Paralysed         |       |       |       |     1 ||     1
Armor: Leather armour    |       |     2 |    31 |    11 ||    44
       Robe              |       |       |       |    18 ||    18
Dodge: Dodged            |     5 |    14 |   109 |   125 ||   253

Table legend: (Time is in decaauts)
 A = Elapsed time spent in this place.
 B = Non-inter-level travel time spent in this place.
 C = Inter-level travel time spent in this place.
 D = Time resting spent in this place.
 E = Time spent auto-exploring this place.
 F = Levels seen in this place.
 G = Mean time per level.
                   A        B        C        D        E       F      G
               +--------+--------+--------+--------+--------+-----+--------+
         Total |   2828 |   2780 |     48 |    875 |      0 |   1 | 2828.0 |
       Dungeon |   2828 |   2780 |     48 |    875 |      0 |   1 | 2828.0 |
               +--------+--------+--------+--------+--------+-----+--------+

Top non-repeatable levels by time:
       D: 2828 daAuts
